 Dungeon Crawl Stone Soup version 0.30-a0-12-gd8047c6341 (webtiles) character file.

Game seed: 8261497827354307077

4 lesbiats the Ruffian (level 1, 22/22 HPs)
             Began as a Troll Berserker on Aug 17, 2022.
             Was a Follower of Trog.
             Quit the game on level 1 of the Dungeon on Aug 23, 2022.
             The game lasted 00:01:53 (55 turns).

lesbiats the Ruffian (Troll Berserker)                Turns: 55, Time: 00:01:53

Health: 22/22      AC:  4    Str: 24    XL:     1   Next: 58%
Magic:  0/0        EV: 10    Int:  3    God:    Trog [*.....]
Gold:   0          SH:  0    Dex:  9    Spells: 0/0 levels left

rFire   . . .      SeeInvis .      - Unarmed
rCold   . . .      Faith    .    (no shield)
rNeg    . . .      Spirit   .    a - +0 animal skin
rPois   .          Reflect  .    (helmet restricted)
rElec   .          Harm     .    (no cloak)
rCorr   .          Rampage  .    (gloves unavailable)
Will    .....                    (boots unavailable)
Stlth   +.........               (no amulet)
HPRegen 0.87/turn                (no ring)
MPRegen 0.07/turn                (no ring)

@: no status effects
A: large, unfitting armour, claws 3, regeneration 1, shaggy fur 1, tough skin 1
a: Renounce Religion, Berserk


You were on level 1 of the Dungeon.
You worshipped Trog.
Trog was aware of your devotion.
You visited 1 branch of the dungeon, and saw 1 of its levels.

Inventory:

Missiles
 b - 5 stones (quivered)
Armour
 a - a +0 animal skin (worn)


   Skills:
 * Level 2.5 Fighting
 * Level 2.5 Dodging
 + Level 3.0 Unarmed Combat


You couldn't memorise any spells.
You didn't know any spells.
Your spell library was empty.

Dungeon Overview and Level Annotations

Branches:
Dungeon (1/15)

Altars:


Innate Abilities, Weirdness & Mutations

You are too large for most types of armour.
You have claws for hands.
Your natural rate of healing is unusually fast.
You are covered in fur. (AC +1)
You have tough skin. (AC +1)


Message History

You scratch the bat.
You kill the bat!
Trog accepts your kill.
A bat comes into view.
You barely miss the bat. The bat hits you. The bat closely misses you.
You miss the bat. The bat barely misses you.
You closely miss the bat. The bat closely misses you.
The bat barely misses you.
You scratch the bat.
You kill the bat!
Trog accepts your kill.
You see here a bat corpse.
A rat comes into view.
An endoplasm and a ball python come into view.
The endoplasm quivers.
The ball python hisses angrily.
The ball python bites you but does no damage.
The ball python closely misses you.
You barely miss the rat. The rat bites you. The ball python bites you.
You claw the rat!
You kill the rat!
Trog accepts your kill.
The ball python bites you but does no damage.
You scratch the endoplasm but do no damage.
The ball python bites you but does no damage.
The endoplasm freezes you.
You are frozen.
You scratch the endoplasm.
You kill the endoplasm!
Trog accepts your kill. The ball python misses you.
You claw the ball python!
You kill the ball python!
Trog accepts your kill.
Save game and exit?
Welcome back, lesbiats the Troll Berserker.
Trog says: Kill them all!
Press ? for a list of commands and other information.
Are you sure you want to abandon this character and quit the game? (Confirm with "yes".)

## #### #.#
#.# ##.####.#
####
##....##.#
.....
...#.##.#
##... #.#.##.#
......
#...##.#
....#####....#
#.†.#...####
#@#.#.#
#...#.#
##.##.#
...##.#
######.. ###


There were no monsters in sight!

Vanquished Creatures
  2 bats (D:1)
  An endoplasm (D:1)
  A ball python (D:1)
  A rat (D:1)
5 creatures vanquished.

Notes
Turn   | Place    | Note
-------+----------+-------------------------------------------
     0 | D:1      | lesbiats the Troll Berserker began the quest for the Orb.
     0 | D:1      | Reached XP level 1. HP: 22/22 MP: 0/0
    55 | D:1      | Upgraded the game from 0.29-a0-1047-g7c58e119a4 to
                  | 0.30-a0-12-gd8047c6341
    55 | D:1      | Quit the game

Illustrated notes

Levels and vault maps discovered:
D:1:      scummos_arrival_simple_crosswalls, layout_loops_ring

Action                   || total
-------------------------++-------
Melee: Unarmed           ||    11
Armor: Animal skin       ||     4
Dodge: Dodged            ||     9

Table legend: (Time is in decaauts)
 A = Elapsed time spent in this place.
 B = Non-inter-level travel time spent in this place.
 C = Inter-level travel time spent in this place.
 D = Time resting spent in this place.
 E = Time spent auto-exploring this place.
 F = Levels seen in this place.
 G = Mean time per level.
                   A        B        C        D        E       F      G
               +--------+--------+--------+--------+--------+-----+--------+
         Total |     54 |     48 |      6 |      0 |     26 |   1 |   54.0 |
       Dungeon |     54 |     48 |      6 |      0 |     26 |   1 |   54.0 |
               +--------+--------+--------+--------+--------+-----+--------+

Top non-repeatable levels by time:
     D:1: 54 daAuts
